3AA
BATTLE GROUND AEROS @ FT. POLK SOUTH THUNDER HAWKS
07/03/2024
 
TOP OF THE 1ST
Battle Ground Aeros batting - Pitching for Ft. Polk South Thunder Hawks : RHP Chris Hayes
Pitching: RHP Chris Hayes
Batting: RHB Enrico Betancourt 0-0: Called Strike
0-1: Ball
1-1: Called Strike
1-2: Strikes out swinging
Batting: SHB Juan Torres 0-0: Bunted foul
0-1: Ball
1-1: Ball
2-1: Ball
3-1: Foul Ball, location: 2F
3-2: Foul Ball, location: 2F
3-2: Fly out, F4 (Popup, 4)
Batting: RHB Stephen Johnson 0-0: Ball
1-0: Ball
2-0: Swinging Strike
2-1: Foul Ball, location: 2F
2-2: Ball
3-2: Base on Balls
Batting: RHB Broderick Terry 0-0: Fielders Choice at 2nd, U6 (Groundball, 6M)
Top of the 1st over - 0 run(s), 0 hit(s), 0 error(s), 1 left on base; Battle Ground 0 - Ft. Polk South 0
BOTTOM OF THE 1ST
Ft. Polk South Thunder Hawks batting - Pitching for Battle Ground Aeros : RHP Juan Valentín
Pitching: RHP Juan Valentín
Batting: RHB Pablo Marrero 0-0: Ball
1-0: Ground out 6-3 (Groundball, 6)
Batting: RHB Héctor López 0-0: SINGLE (Flyball, 7S)
Batting: RHB Keith Bane 0-0: Called Strike
0-1: Foul Ball, location: 2F
0-2: SINGLE (Line Drive, 4)
Héctor López to second
Batting: RHB Robbie Chambers 0-0: Ball
1-0: Ball
2-0: Ball
3-0: Base on Balls
Héctor López to third
Keith Bane to second
Batting: RHB Manuel Díaz 0-0: Ball
1-0: Called Strike
1-1: SINGLE (Line Drive, 6D)
Héctor López scores
Keith Bane to third
Robbie Chambers to second
Runner from 3rd tries for Home, SAFE, throw made home
Batting: LHB Jim Unknown 0-0: Foul Ball, location: 2F
0-1: Grounds into double play, 4-6-3 (Groundball, 4)
Bottom of the 1st over - 2 run(s), 3 hit(s), 0 error(s), 1 left on base; Battle Ground 0 - Ft. Polk South 2
TOP OF THE 2ND
Battle Ground Aeros batting - Pitching for Ft. Polk South Thunder Hawks : RHP Chris Hayes
Batting: RHB Jeffrey Jones 0-0: Called Strike
0-1: Called Strike
0-2: Strikes out looking
Batting: LHB Dave Smerdon 0-0: Called Strike
0-1: Ball
1-1: Ground out 1-3 (Groundball, 13S)
Batting: RHB José Rodríguez 0-0: Ground out 4-3 (Groundball, 13)
Top of the 2nd over - 0 run(s), 0 hit(s), 0 error(s), 0 left on base; Battle Ground 0 - Ft. Polk South 2
BOTTOM OF THE 2ND
Ft. Polk South Thunder Hawks batting - Pitching for Battle Ground Aeros : RHP Juan Valentín
Batting: RHB David Phipps 0-0: Ball
1-0: DOUBLE (Flyball, 89XD)
Batting: RHB Iván Hernández 0-0: Ball
1-0: SINGLE (Line Drive, 4MD)
David Phipps to third
Batting: RHB Jack Peck Balk!
David Phipps scores
Iván Hernández to second
0-0: Ball
1-0: Fly out, F8 (Flyball, 8LM)
Batting: RHB Pablo Marrero 0-0: Ball
Iván Hernández steals 3rd base
1-0: Ball
2-0: Foul Ball, location: 2F
2-1: Foul Ball, location: 2F
2-2: DOUBLE (Flyball, 8RM)
Iván Hernández scores
Batting: RHB Héctor López 0-0: Ball
1-0: 2-RUN HOME RUN (Line Drive, 9D), Distance : 362 ft
Batting: RHB Keith Bane 0-0: Ball
1-0: Foul Ball, location: 2F
1-1: Foul Ball, location: 2F
1-2: Ball
2-2: Ball
3-2: Base on Balls
Batting: RHB Robbie Chambers 0-0: Grounds into double play, 5-4-3 (Groundball, 5)
Bottom of the 2nd over - 4 run(s), 4 hit(s), 0 error(s), 0 left on base; Battle Ground 0 - Ft. Polk South 6
TOP OF THE 3RD
Battle Ground Aeros batting - Pitching for Ft. Polk South Thunder Hawks : RHP Chris Hayes
Batting: RHB Bennett Whitaker 0-0: Reached on error, E1 (Groundball, 13)
Batting: LHB Nelson Martínez 0-0: Ball
1-0: Ball
2-0: Ground out 4-3 (Groundball, 34)
Bennett Whitaker to third
Batting: RHB Enrico Betancourt 0-0: Ball
1-0: Foul Ball, location: 2F
1-1: Called Strike
1-2: Strikes out swinging
Batting: SHB Juan Torres 0-0: Called Strike
0-1: Foul Ball, location: 2F
0-2: Ball
1-2: Strikes out swinging
Top of the 3rd over - 0 run(s), 0 hit(s), 1 error(s), 1 left on base; Battle Ground 0 - Ft. Polk South 6
BOTTOM OF THE 3RD
Ft. Polk South Thunder Hawks batting - Pitching for Battle Ground Aeros : RHP Juan Valentín
Batting: RHB Manuel Díaz 0-0: Foul Ball, location: 2F
0-1: Fly out, F9 (Flyball, 9M)
Batting: LHB Jim Unknown 0-0: Ball
1-0: SINGLE (Line Drive, 34)
Batting: RHB David Phipps 0-0: Called Strike
0-1: Called Strike
0-2: Ball
1-2: Strikes out swinging
Batting: RHB Iván Hernández 0-0: Swinging Strike
0-1: Foul Ball, location: 2F
0-2: SINGLE (Groundball, 56D)
Jim Unknown to second
Jim Unknown to third
Batting: RHB Jack Peck 0-0: Ball
1-0: Called Strike
1-1: Called Strike
1-2: Fly out, F8 (Flyball, 8RD)
Bottom of the 3rd over - 0 run(s), 2 hit(s), 0 error(s), 2 left on base; Battle Ground 0 - Ft. Polk South 6
TOP OF THE 4TH
Battle Ground Aeros batting - Pitching for Ft. Polk South Thunder Hawks : RHP Chris Hayes
Batting: RHB Stephen Johnson 0-0: Called Strike
0-1: Ball
1-1: Ball
2-1: Fly out, F5 (Line Drive, 5F)
Batting: RHB Broderick Terry 0-0: Ball
1-0: Ball
2-0: Called Strike
2-1: Ball
3-1: Called Strike
3-2: Foul Ball, location: 2F
3-2: Foul Ball, location: 2F
3-2: Base on Balls
Batting: RHB Jeffrey Jones 0-0: SINGLE (Groundball, 34D)
Broderick Terry to second
Runner from 2nd tries for 3rd, SAFE, throw made to third
Batting: LHB Dave Smerdon 0-0: Ball
1-0: Foul Ball, location: 2F
1-1: Ball
Jeffrey Jones is caught stealing 2nd base
2-1: Fly out, F6 (Popup, 4MD)
Top of the 4th over - 0 run(s), 1 hit(s), 0 error(s), 1 left on base; Battle Ground 0 - Ft. Polk South 6
BOTTOM OF THE 4TH
Ft. Polk South Thunder Hawks batting - Pitching for Battle Ground Aeros : RHP Juan Valentín
Pitching: RHP Earnest Hunt
Batting: RHB Pablo Marrero 0-0: Ball
1-0: Called Strike
1-1: DOUBLE (Flyball, 7LM)
Batting: RHB Héctor López 0-0: Swinging Strike
0-1: Foul Ball, location: 2F
0-2: Foul Ball, location: 2F
0-2: Ground out 6-3 (Groundball, 6)
Pablo Marrero to third
Batting: RHB Keith Bane 0-0: SINGLE (Line Drive, 7LS)
Pablo Marrero scores
Batting: RHB Robbie Chambers 0-0: Ball
1-0: Called Strike
1-1: Called Strike
1-2: Fly out, F7 (Flyball, 7S)
Batting: RHB Manuel Díaz 0-0: Called Strike
0-1: Ball
1-1: Ball
2-1: Ball
3-1: Foul Ball, location: 2F
3-2: Foul Ball, location: 2F
3-2: Foul Ball, location: 2F
3-2: Base on Balls
Keith Bane to second
Batting: LHB Jim Unknown 0-0: Ball
1-0: Ball
2-0: SINGLE (Line Drive, 56D)
Keith Bane to third
Manuel Díaz to second
Runner from 3rd tries for Home, SAFE, no throw or cutoff
Batting: RHB David Phipps 0-0: Fly out, F3 (Popup, 23F)
Bottom of the 4th over - 2 run(s), 3 hit(s), 0 error(s), 2 left on base; Battle Ground 0 - Ft. Polk South 8
TOP OF THE 5TH
Battle Ground Aeros batting - Pitching for Ft. Polk South Thunder Hawks : RHP Chris Hayes
Batting: RHB José Rodríguez 0-0: Ball
1-0: Foul Ball, location: 2F
1-1: Called Strike
1-2: Strikes out looking
Batting: RHB Bennett Whitaker 0-0: Ground out 6-3 (Groundball, 6M)
Batting: LHB Nelson Martínez 0-0: Called Strike
0-1: Foul Ball, location: 2F
0-2: Strikes out swinging
Top of the 5th over - 0 run(s), 0 hit(s), 0 error(s), 0 left on base; Battle Ground 0 - Ft. Polk South 8
BOTTOM OF THE 5TH
Ft. Polk South Thunder Hawks batting - Pitching for Battle Ground Aeros : RHP Earnest Hunt
Batting: RHB Iván Hernández 0-0: Ball
1-0: Ball
2-0: Ball
3-0: Base on Balls
Batting: RHB Jack Peck 0-0: Foul Ball, location: 2F
0-1: Bunted foul
0-2: Ball
1-2: Foul Ball, location: 2F
1-2: Ball
2-2: SINGLE (Line Drive, 34D)
Iván Hernández to second
Batting: RHB Pablo Marrero 0-0: Called Strike
Iván Hernández steals 3rd base
Jack Peck to second
0-1: Fly out, F8 (Flyball, 8RM)
Runner from 3rd tags up, SCORES, no throw
Batting: RHB Héctor López 0-0: Ball
1-0: Fly out, F8 (Flyball, 8RM)
Batting: RHB Keith Bane 0-0: Called Strike
0-1: Called Strike
0-2: Ground out 6-3 (Groundball, 6)
Bottom of the 5th over - 1 run(s), 1 hit(s), 0 error(s), 1 left on base; Battle Ground 0 - Ft. Polk South 9
TOP OF THE 6TH
Battle Ground Aeros batting - Pitching for Ft. Polk South Thunder Hawks : RHP Chris Hayes
Batting: RHB Enrico Betancourt 0-0: Foul Ball, location: 2F
0-1: Ball
1-1: Called Strike
1-2: Ball
2-2: Strikes out looking
Batting: SHB Juan Torres 0-0: Bunt for hit - play at first, batter OUT! 1-3
Batting: RHB Stephen Johnson 0-0: Called Strike
0-1: Ball
1-1: DOUBLE (Flyball, 89M)
Batting: RHB Broderick Terry 0-0: Called Strike
0-1: Fly out, F3 (Popup, 34)
Top of the 6th over - 0 run(s), 1 hit(s), 0 error(s), 1 left on base; Battle Ground 0 - Ft. Polk South 9
BOTTOM OF THE 6TH
Ft. Polk South Thunder Hawks batting - Pitching for Battle Ground Aeros : RHP Earnest Hunt
Pitching: LHP Doug Evans
Batting: RHB Robbie Chambers 0-0: Ball
1-0: Ball
2-0: Called Strike
2-1: Fly out, F7 (Flyball, 7M)
Batting: RHB Manuel Díaz 0-0: Called Strike
0-1: Foul Ball, location: 2F
0-2: Reached on error, E5 (Groundball, 56)
Batting: LHB Jim Unknown 0-0: Ball
1-0: Fly out, F3 (Popup, 34S)
Batting: RHB David Phipps 0-0: Fielders Choice at 2nd, 6-4 (Groundball, 6)
Bottom of the 6th over - 0 run(s), 0 hit(s), 1 error(s), 0 left on base; Battle Ground 0 - Ft. Polk South 9
TOP OF THE 7TH
Battle Ground Aeros batting - Pitching for Ft. Polk South Thunder Hawks : RHP Chris Hayes
Batting: RHB Jeffrey Jones 0-0: Ball
1-0: Fly out, F9 (Flyball, 89M)
Batting: LHB Dave Smerdon 0-0: SINGLE (Groundball, 34D)
Batting: RHB José Rodríguez 0-0: Fly out, F7 (Flyball, 7LM)
Batting: RHB Bennett Whitaker 0-0: Ball
1-0: Foul Ball, location: 2F
1-1: Called Strike
1-2: SINGLE (Line Drive, 8RS)
Dave Smerdon to second
Dave Smerdon to third
Batting: LHB Nelson Martínez 0-0: DOUBLE (Line Drive, 78M)
Dave Smerdon scores
Bennett Whitaker to third
Runner from 3rd tries for Home, SAFE, no throw or cutoff
Batting: RHB Enrico Betancourt 0-0: Ball
1-0: Ball
2-0: Ground out 5-3 (Groundball, 5S)
Top of the 7th over - 2 run(s), 3 hit(s), 0 error(s), 1 left on base; Battle Ground 2 - Ft. Polk South 9
BOTTOM OF THE 7TH
Ft. Polk South Thunder Hawks batting - Pitching for Battle Ground Aeros : LHP Doug Evans
Batting: RHB Iván Hernández 0-0: Ball
1-0: Called Strike
1-1: Ball
2-1: Ball
3-1: Fly out, F1 (Line Drive, 13)
Batting: RHB Jack Peck 0-0: Called Strike
0-1: Ball
1-1: Fly out, F7 (Flyball, 78S)
Batting: RHB Pablo Marrero 0-0: Ball
1-0: Foul Ball, location: 2F
1-1: Ground out 6-3 (Groundball, 6MD)
Bottom of the 7th over - 0 run(s), 0 hit(s), 0 error(s), 0 left on base; Battle Ground 2 - Ft. Polk South 9
TOP OF THE 8TH
Battle Ground Aeros batting - Pitching for Ft. Polk South Thunder Hawks : RHP Chris Hayes
Batting: SHB Juan Torres 0-0: Foul Ball, location: 2F
0-1: Swinging Strike
0-2: Ball
1-2: Ball
2-2: Strikes out swinging
Batting: RHB Stephen Johnson 0-0: Called Strike
0-1: Ball
1-1: Foul Ball, location: 2F
1-2: Ground out 4-3 (Groundball, 4)
Batting: RHB Broderick Terry 0-0: Ball
1-0: Called Strike
1-1: Called Strike
1-2: Fly out, F9 (Flyball, 9D)
Top of the 8th over - 0 run(s), 0 hit(s), 0 error(s), 0 left on base; Battle Ground 2 - Ft. Polk South 9
BOTTOM OF THE 8TH
Ft. Polk South Thunder Hawks batting - Pitching for Battle Ground Aeros : LHP Doug Evans
Batting: RHB Héctor López 0-0: Fly out, F8 (Line Drive, 8LS)
Batting: RHB Keith Bane 0-0: Ball
1-0: Called Strike
1-1: SINGLE (Groundball, 6)
Batting: RHB Robbie Chambers Pickoff Throw to First - Out!
0-0: Ball
1-0: Ball
2-0: Fly out, F6 (Line Drive, 6M)
Bottom of the 8th over - 0 run(s), 1 hit(s), 0 error(s), 0 left on base; Battle Ground 2 - Ft. Polk South 9
TOP OF THE 9TH
Battle Ground Aeros batting - Pitching for Ft. Polk South Thunder Hawks : RHP Chris Hayes
Batting: RHB Jeffrey Jones 0-0: Foul Ball, location: 2F
0-1: Ball
1-1: Ball
2-1: Fly out, F9 (Flyball, 9LS)
Batting: LHB Dave Smerdon 0-0: Ball
1-0: Swinging Strike
1-1: Foul Ball, location: 2F
1-2: Ball
2-2: Strikes out looking
Batting: RHB José Rodríguez 0-0: Ball
1-0: Foul Ball, location: 2F
1-1: Ball
2-1: Ball
3-1: Base on Balls
Batting: RHB Bennett Whitaker 0-0: Called Strike
0-1: Foul Ball, location: 2F
0-2: Strikes out swinging
Top of the 9th over - 0 run(s), 0 hit(s), 0 error(s), 1 left on base; Battle Ground 2 - Ft. Polk South 9
This league is powered by Out of the Park Baseball, the baseball management simulation game for PC, Mac and Linux
Monday, October 3rd, 2016 - OOTP Baseball 16.9 Build 39